 Dungeon Crawl Stone Soup version 0.21.1-1-g345015fe64 (webtiles) character file.

133 LevaFresel the Bolt Thrower (level 5, -3/32 HPs)
             Began as a Kobold Hunter on June 11, 2018.
             Slain by a gnoll
             ... wielding a +0 spear
              (5 damage)
             ... on level 3 of the Dungeon.
             The game lasted 00:10:52 (1836 turns).

LevaFresel the Bolt Thrower (Kobold Hunter)         Turns: 1836, Time: 00:10:52

Health: -3/32      AC:  3    Str: 11    XL:     5   Next: 39%
Magic:  5/5        EV: 15    Int: 12    God:
Gold:   115        SH:  0    Dex: 15    Spells: 4/4 levels left

rFire    . . .     SeeInvis .   a - +1 hand crossbow
rCold    . . .     Gourm    .   (shield restricted)
rNeg     . . .     Faith    .   c - +0 leather armour
rPois    .         Spirit   .   (no helmet)
rElec    .         Reflect  .   (no cloak)
rCorr    .         Harm     .   (no gloves)
MR       .....                  (no boots)
Stlth    ++........             (no amulet)
HPRegen  0.10/turn              (no ring)
MPRegen  0.09/turn              (no ring)

@: no status effects
A: small, carnivore
a: no special abilities


You were on level 3 of the Dungeon.
You were very full.

You visited 1 branch of the dungeon, and saw 4 of its levels.

You collected 115 gold pieces.

Inventory:

Hand Weapons
 a - a +1 hand crossbow (weapon)
 b - a +0 short sword
 p - a +4 dagger
Missiles
 d - 39 bolts (quivered)
Armour
 c - a +0 leather armour (worn)
 h - a +0 chain mail
 l - a +0 ring mail
Scrolls
 e - a scroll of teleportation {unknown}
 g - a scroll of immolation {unknown}
 i - 2 scrolls of remove curse {unknown}
 k - 2 scrolls of amnesia {unknown}
 o - 2 scrolls of magic mapping {unknown}
 q - a scroll of fear {unknown}
Potions
 j - a potion of might {unknown}
 m - a potion of degeneration {unknown}
 n - a potion of heal wounds {unknown}
Comestibles
 f - 8 rations


   Skills:
 + Level 2.8 Fighting
 + Level 2.3 Short Blades
 * Level 5.8 Crossbows
 + Level 1.2 Armour
 + Level 3.3 Dodging
 - Level 2.0 Stealth


You had 4 spell levels left.
You didn't know any spells.

Dungeon Overview and Level Annotations

Branches:
Dungeon (4/15)
 Temple: D:4-7

Altars:
Cheibriados
Dithmenos
Sif Muna
Uskayaw


Innate Abilities, Weirdness & Mutations

You are small and have problems with some larger weapons.
You are carnivorous and can eat meat at any time.


Message History

You shoot a bolt. The bolt hits the gnoll.
You kill the gnoll!
The gnoll hits you with a spear.
* * * LOW HITPOINT WARNING * * *
Firing (i - inventory):
d - 41 bolts (quivered)
Press: ? - help, Shift-Dir - straight line, f - gnoll
Aim: a gnoll, wielding a spear You shoot a bolt.
The bolt hits the gnoll!
The gnoll is almost dead.
The gnoll hits you with a spear.
* * * LOW HITPOINT WARNING * * *
The gnoll barely misses you.
Firing (i - inventory):
d - 40 bolts (quivered)
Press: ? - help, Shift-Dir - straight line, f/p - gnoll
Aim: a gnoll, wielding a spear (almost dead)
You shoot a bolt.
The bolt hits the gnoll but does no damage.
The gnoll is almost dead.
The gnoll hits you with a spear.
You die...

.....................######.##
#####.###.###.##............#
#.# # #. #.###.########
####.### ..#.# #...# #......#
#.#.# #...# ##......# #.#.#
#...# # ........#
#(..###.###.####
##........#####).##..........
###......#.....@........####
#......#.####g#####..#....
#......# ..). ....### #......#
....... ...##
#......#......... .#.#
######.#.########. .#.# #
.#...# #


You could see a gnoll.

Vanquished Creatures
  A gnoll shaman (D:4)
  2 gnolls (D:3)
  2 adders (D:2)
  A worm (D:2)
  A dart slug (D:2)
  3 leopard geckos
  5 giant cockroaches
  5 goblins
  7 hobgoblins
  4 jackals (D:2)
  3 kobolds
  2 quokkas
  5 bats
  8 frilled lizards
  9 rats
58 creatures vanquished.

Notes
Turn   | Place    | Note
-------+----------+-------------------------------------------
     0 | D:1      | LevaFresel the Kobold Hunter began the quest for the Orb.
     0 | D:1      | Reached XP level 1. HP: 12/12 MP: 1/1
   129 | D:1      | Reached skill level 5 in Crossbows
   129 | D:1      | Reached XP level 2. HP: 13/17 MP: 2/2
   548 | D:1      | Reached skill level 1 in Short Blades
   601 | D:1      | Reached XP level 3. HP: 22/22 MP: 3/3
   998 | D:2      | Reached XP level 4. HP: 26/27 MP: 4/4
  1251 | D:2      | Found a shadowy altar of Dithmenos.
  1314 | D:2      | Found a hide-covered altar of Uskayaw.
  1314 | D:2      | Found a snail-covered altar of Cheibriados.
  1329 | D:2      | Reached skill level 1 in Armour
  1365 | D:2      | Found a deep blue altar of Sif Muna.
  1753 | D:4      | Reached XP level 5. HP: 31/31 MP: 5/5
  1836 | D:3      | Slain by a gnoll

Skill      XL: |  1  2  3  4 |
---------------+-------------+-----
Crossbows      | 5 |  5.8
Short Blades   | 1 2 |  2.3
Stealth        | 2 |  2.0
Dodging        | 3 |  3.3
Armour         | 1 |  1.2
Fighting       | |  2.8

Action                   |  1- 3 |  4- 6 || total
-------------------------+-------+-------++-------
Melee: Short sword       |    32 |    10 ||    42
 Fire: Hand crossbow     |    48 |    79 ||   127
  Eat: Chunk             |     4 |     6 ||    10
Armor: Leather armour    |    13 |    10 ||    23
Dodge: Dodged            |    33 |    43 ||    76
